 Dungeon Crawl Stone Soup version 0.25-a0-786-g5b70d41e48 (webtiles) character file.

Game seed: 13153600282512492525, levelgen mode: deterministic

23 Ireaine the Skirmisher (level 2, -4/24 HPs)
             Began as a Demonspawn Fighter on Apr 18, 2020.
             Slain by a worm (8 damage)
             ... on level 2 of the Dungeon.
             The game lasted 00:05:31 (800 turns).

Ireaine the Skirmisher (Demonspawn Fighter)          Turns: 800, Time: 00:05:31

Health: -4/24      AC:  6    Str: 16    XL:     2   Next: 75%
Magic:  2/2        EV:  6    Int:  9    God:
Gold:   28         SH:  8    Dex: 14    Spells: 1/1 levels left

rFire    . . .     SeeInvis .   a - +0 war axe
rCold    . . .     Gourm    .   c - +0 kite shield
rNeg     . . .     Faith    .   b - +0 scale mail
rPois    .         Spirit   .   (no helmet)
rElec    .         Reflect  .   (no cloak)
rCorr    .         Harm     .   (no gloves)
MR       .....                  (no boots)
Stlth    ..........             (no amulet)
HPRegen  0.08/turn              h - +2 ring of dexterity
MPRegen  0.08/turn              j - ring of attention (curse)

@: no status effects
A: hooves 1
a: no special abilities


You were on level 2 of the Dungeon.
You were not hungry.

You visited 1 branch of the dungeon, and saw 2 of its levels.

You collected 28 gold pieces.

Inventory:

Hand Weapons
 a - a +0 war axe (weapon)
Armour
 b - a +0 scale mail (worn)
 c - a +0 kite shield (worn)
 g - a +0 leather armour
Jewellery
 h - a +2 ring of dexterity (left hand)
 j - a cursed ring of attention (right hand)
Scrolls
 i - a scroll of enchant armour {unknown}
 k - 2 scrolls of identify {unknown}
 l - a scroll of remove curse {unknown}
Potions
 d - a potion of might
 e - a potion of heal wounds {unknown}
Comestibles
 f - 2 rations


   Skills:
 - Level 3.0 Fighting
 * Level 3.0 Axes
 - Level 2.6 Armour
 - Level 2.7 Shields


You had one spell level left.
You didn't know any spells.
Your spell library was empty.

Dungeon Overview and Level Annotations

Branches:
Dungeon (2/15)

Altars:


Innate Abilities, Weirdness & Mutations

You have large cloven feet.


Message History

You hit the worm. You block the giant cockroach's attack.
The worm bites you but does no damage. You block the giant cockroach's attack.
You hit the giant cockroach.
You kill the giant cockroach!
Your Axes skill increases to level 3!
Your scale mail prevents you from hitting the worm.
The worm bites you.
You are too injured to fight recklessly!
You are too injured to fight recklessly!
You hit the worm. You kick the worm, but do no damage.
The worm is heavily wounded.
The worm bites you.
You barely miss the worm.
The worm is moderately wounded.
The worm bites you.
* * * LOW HITPOINT WARNING * * *
You hit the worm. You kick the worm, but do no damage.
The worm is heavily wounded.
The worm bites you!
You die...

#.......... ...
#...(..)... ..#
#.......... #.#
#.######..(.(#
#.# #.# +#...#.
#. #.###.# #...#.
#..###.)....
##...##
#.)..†..##.#
####.....#
##w@.##.#
#.#.#.####
#.....#.###.....#
#.............###
#.....#.#######
..........#
###########


You could see a worm.

Vanquished Creatures
  A giant cockroach (D:2)
  A goblin (D:1)
  4 hobgoblins
  2 jackals (D:1)
  3 bats (D:1)
  A frilled lizard (D:1)
  8 kobolds
20 creatures vanquished.

Notes
Turn   | Place    | Note
-------+----------+-------------------------------------------
     0 | D:1      | Ireaine the Demonspawn Fighter began the quest for the Orb.
     0 | D:1      | Reached XP level 1. HP: 18/18 MP: 1/1
   152 | D:1      | Gained mutation: You have large cloven feet. [demonic
                  | ancestry]
   152 | D:1      | Reached XP level 2. HP: 22/24 MP: 2/2
   800 | D:2      | Slain by a worm

Levels and vault maps discovered:
D:1:      minmay_arrival_three_doors, layout_loops_ring, serial_forest,
          infiniplex_forest_clump_small, infiniplex_forest_straight_2,
          infiniplex_forest_lined_2, infiniplex_forest_lined_1,
          infiniplex_forest_diagonal, infiniplex_forest_lined_corner
D:2:      layout_loops_ring, chequers_serial_rivers_micro_b, grunt_ministairs_6,
          okawaru_trees_2, uniq_terence, uniq_jessica

Skill      XL: |  1  2 |
---------------+-------+-----
Axes           | 2 3 |  3.0
Fighting       | |  3.0
Armour         | |  2.6
Shields        | |  2.7

Action                   || total
-------------------------++-------
Melee: War axe           ||    56
       Kick              ||    11
Armor: Scale mail        ||    36
Dodge: Dodged            ||    20
Block: Kite shield       ||    31

Table legend:
 A = Non-vault XP
 B = Vault XP
 C = Vault XP percentage of total XP
 D = Non-vault monster count
 E = Vault monster count
 F = Vault count percentage of total count
                 A         B        C        D         E       F
            +---------+---------+-------+---------+---------+-------
      Total |      30 |       4 |  11.8 |      18 |       2 |  10.0
            +---------+---------+-------+---------+---------+-------
        D:1 |      28 |       0 |   0.0 |      17 |       0 |   0.0
        D:2 |       2 |       4 |  66.7 |       1 |       2 |  66.7
            +---------+---------+-------+---------+---------+-------
